SAAA
TORTOLITA DRUMMERS @ ATHLETIC CLUB KC RESERVES
06/30/2029
 
TOP OF THE 1ST
Tortolita Drummers batting - Pitching for Athletic Club KC Reserves : RHP Jeremy G. Wentworth
Pitching: RHP Jeremy G. Wentworth
Batting: SHB Javier Vázquez 0-0: SOLO HOME RUN (Flyball, 8LD), Distance : 427 ft
Batting: RHB Jesús Martínez 0-0: Ball
1-0: Swinging Strike
1-1: Ball
2-1: Foul Ball, location: 2F
2-2: Fly out, F9 (Flyball, 9S)
Batting: SHB Roberto Mosca 0-0: Ball
1-0: Ball
2-0: Foul Ball, location: 2F
2-1: Swinging Strike
2-2: Strikes out swinging
Batting: RHB Ricardo Pacheco 0-0: Ground out 6-3 (Groundball, 6)
Top of the 1st over - 1 run, 1 hit, 0 errors, 0 left on base; Tortolita 1 - Athletic Club KC 0
BOTTOM OF THE 1ST
Athletic Club KC Reserves batting - Pitching for Tortolita Drummers : RHP Robbie Betchley
Pitching: RHP Robbie Betchley
Batting: RHB Khal Drogo 0-0: Called Strike
0-1: Foul Ball, location: 2F
0-2: Ball
1-2: Ground out 6-3 (Groundball, 6)
Batting: LHB Wu-shun Chu 0-0: Ball
1-0: Ball
2-0: Ball
3-0: Base on Balls
Batting: SHB Eric Moore 0-0: Called Strike
0-1: Ball
Wu-shun Chu is caught stealing 2nd base
1-1: Fly out, F7 (Flyball, 78M)
Bottom of the 1st over - 0 runs, 0 hits, 0 errors, 0 left on base; Tortolita 1 - Athletic Club KC 0
TOP OF THE 2ND
Tortolita Drummers batting - Pitching for Athletic Club KC Reserves : RHP Jeremy G. Wentworth
Batting: LHB Tung Ji 0-0: Called Strike
0-1: Ball
1-1: Ball
2-1: Ball
3-1: Called Strike
3-2: Foul Ball, location: 2F
3-2: Base on Balls
Batting: RHB Jim Burch 0-0: Called Strike
0-1: Ball
1-1: Swinging Strike
1-2: Ball
2-2: Strikes out swinging
Batting: LHB Steve Costillo 0-0: Ball
Tung Ji steals 2nd base
1-0: Ball
Tung Ji is caught stealing 3rd base
2-0: Called Strike
2-1: Called Strike
2-2: SINGLE (Line Drive, 9S)
Batting: RHB Sean Godron 0-0: Foul Ball, location: 2F
0-1: SINGLE (Line Drive, 8RS)
Steve Costillo to second
Batting: RHB Santo Alba 0-0: Swinging Strike
0-1: Ball
1-1: Swinging Strike
1-2: Foul Ball, location: 2F
1-2: Ball
2-2: Foul Ball, location: 2F
2-2: Fielders Choice at 2nd, 5-4 (Groundball, 56)
Top of the 2nd over - 0 runs, 2 hits, 0 errors, 2 left on base; Tortolita 1 - Athletic Club KC 0
BOTTOM OF THE 2ND
Athletic Club KC Reserves batting - Pitching for Tortolita Drummers : RHP Robbie Betchley
Batting: LHB Tsai Ng 0-0: Foul Ball, location: 2F
0-1: Ball
1-1: Foul Ball, location: 2F
1-2: Ball
2-2: Foul Ball, location: 2F
2-2: Ball
3-2: SOLO HOME RUN (Flyball, 9LD), Distance : 321 ft
Batting: RHB Andrés Medina 0-0: Ball
1-0: Fly out, F8 (Flyball, 8LS)
Batting: RHB Dani Reyes 0-0: SINGLE (Line Drive, 6M)
Batting: RHB Allen Williams 0-0: Called Strike
0-1: Ball
Wild Pitch!
Dani Reyes to second
1-1: Ball
2-1: Foul Ball, location: 2F
2-2: Ground out 6-3 (Groundball, 6)
Dani Reyes to third
Batting: RHB Geoff Rivers 0-0: Swinging Strike
0-1: Ball
1-1: Ball
2-1: Foul Ball, location: 2F
2-2: Strikes out swinging
Bottom of the 2nd over - 1 run, 2 hits, 0 errors, 1 left on base; Tortolita 1 - Athletic Club KC 1
TOP OF THE 3RD
Tortolita Drummers batting - Pitching for Athletic Club KC Reserves : RHP Jeremy G. Wentworth
Batting: SHB Javier Vázquez 0-0: Called Strike
0-1: Ball
1-1: Swinging Strike
1-2: Ball
2-2: Ball
3-2: Ground out 4-3 (Groundball, 4)
Batting: RHB Jesús Martínez 0-0: Ball
1-0: Ball
2-0: Ball
3-0: Base on Balls
Batting: SHB Roberto Mosca 0-0: Called Strike
0-1: Ball
1-1: Ball
2-1: Foul Ball, location: 2F
2-2: Fielders Choice at 2nd, 4-6 (Groundball, 4)
Now at SS: Tony Osorio
Batting: RHB Ricardo Pacheco 0-0: Ball
1-0: Ball
2-0: Fly out, F5 (Popup, 5SF)
Top of the 3rd over - 0 runs, 0 hits, 0 errors, 1 left on base; Tortolita 1 - Athletic Club KC 1
BOTTOM OF THE 3RD
Athletic Club KC Reserves batting - Pitching for Tortolita Drummers : RHP Robbie Betchley
Batting: RHB Tasuku Goto 0-0: Ball
1-0: Ball
2-0: Foul Ball, location: 2F
2-1: Foul Ball, location: 2F
2-2: Fly out, F7 (Flyball, 7S)
Batting: RHB Tony Osorio 0-0: Ground out 4-3 (Groundball, 4)
Batting: LHB Wu-shun Chu 0-0: Ball
1-0: Reached via error on a dropped throw, E1
Batting: SHB Eric Moore 0-0: Foul Ball, location: 2F
0-1: Swinging Strike
0-2: Ball
1-2: Strikes out swinging
Bottom of the 3rd over - 0 runs, 0 hits, 1 error, 1 left on base; Tortolita 1 - Athletic Club KC 1
TOP OF THE 4TH
Tortolita Drummers batting - Pitching for Athletic Club KC Reserves : RHP Jeremy G. Wentworth
Batting: LHB Tung Ji 0-0: Ball
1-0: Called Strike
1-1: Ground out 1-3 (Groundball, 15S)
Batting: RHB Jim Burch 0-0: Ground out 5-3 (Groundball, 56)
Batting: LHB Steve Costillo 0-0: Ball
1-0: Ground out 4-3 (Groundball, 4)
Top of the 4th over - 0 runs, 0 hits, 0 errors, 0 left on base; Tortolita 1 - Athletic Club KC 1
BOTTOM OF THE 4TH
Athletic Club KC Reserves batting - Pitching for Tortolita Drummers : RHP Robbie Betchley
Batting: LHB Tsai Ng 0-0: Ball
1-0: Ball
2-0: Ball
3-0: Called Strike
3-1: Foul Ball, location: 2F
3-2: Strikes out swinging, 2-3 out at first.
Batting: RHB Andrés Medina 0-0: Called Strike
0-1: Ball
1-1: Ball
2-1: Fly out, F6 (Line Drive, 6)
Batting: RHB Dani Reyes 0-0: Called Strike
0-1: Swinging Strike
0-2: DOUBLE (Line Drive, 8LXD)
Batting: RHB Allen Williams 0-0: Hit by Pitch
Batting: RHB Geoff Rivers 0-0: Ball
1-0: Ball
2-0: Called Strike
2-1: Ball
Wild Pitch!
Dani Reyes to third
Allen Williams to second
3-1: Foul Ball, location: 2F
3-2: Fly out, F8 (Flyball, 8RS)
Bottom of the 4th over - 0 runs, 1 hit, 0 errors, 2 left on base; Tortolita 1 - Athletic Club KC 1
TOP OF THE 5TH
Tortolita Drummers batting - Pitching for Athletic Club KC Reserves : RHP Jeremy G. Wentworth
Batting: RHB Sean Godron 0-0: Ball
1-0: Foul Ball, location: 2F
1-1: Fly out, F7 (Flyball, 7S)
Batting: RHB Santo Alba 0-0: Ball
1-0: Ground out 4-3 (Groundball, 4)
Batting: SHB Javier Vázquez 0-0: Ball
1-0: Swinging Strike
1-1: Fly out, F8 (Flyball, 89S)
Top of the 5th over - 0 runs, 0 hits, 0 errors, 0 left on base; Tortolita 1 - Athletic Club KC 1
BOTTOM OF THE 5TH
Athletic Club KC Reserves batting - Pitching for Tortolita Drummers : RHP Robbie Betchley
Batting: RHB Tasuku Goto 0-0: Ground out 6-3 (Groundball, 6M)
Batting: RHB Tony Osorio 0-0: Ball
1-0: Called Strike
1-1: Foul Ball, location: 2F
1-2: Ball
2-2: Strikes out swinging
Batting: LHB Wu-shun Chu 0-0: Foul Ball, location: 2F
0-1: Ball
1-1: SINGLE (Line Drive, 4D)
Batting: SHB Eric Moore 0-0: Called Strike
0-1: Ball
1-1: Foul Ball, location: 2F
1-2: SINGLE (Groundball, 4MD)
Wu-shun Chu to second
Runner from 2nd tries for 3rd, SAFE, no throw
Batting: LHB Tsai Ng 0-0: Called Strike
0-1: Swinging Strike
0-2: Foul Ball, location: 2F
0-2: Ball
1-2: Ball
2-2: Strikes out swinging
Bottom of the 5th over - 0 runs, 2 hits, 0 errors, 2 left on base; Tortolita 1 - Athletic Club KC 1
TOP OF THE 6TH
Tortolita Drummers batting - Pitching for Athletic Club KC Reserves : RHP Jeremy G. Wentworth
Batting: RHB Jesús Martínez 0-0: Ball
1-0: Ball
2-0: Ball
3-0: Called Strike
3-1: Foul Ball, location: 2F
3-2: Ground out 6-3 (Groundball, 6)
Batting: SHB Roberto Mosca 0-0: Foul Ball, location: 2F
0-1: Ball
1-1: Ball
2-1: Ground out U3 (Groundball, 3)
Batting: RHB Ricardo Pacheco 0-0: Called Strike
0-1: Ball
1-1: Ball
2-1: Foul Ball, location: 2F
2-2: Ball
3-2: Foul Ball, location: 2F
3-2: Foul Ball, location: 2F
3-2: Ground out 5-3 (Groundball, 5L)
Top of the 6th over - 0 runs, 0 hits, 0 errors, 0 left on base; Tortolita 1 - Athletic Club KC 1
BOTTOM OF THE 6TH
Athletic Club KC Reserves batting - Pitching for Tortolita Drummers : RHP Robbie Betchley
Batting: RHB Andrés Medina 0-0: Ball
1-0: Ball
2-0: Called Strike
2-1: Ball
3-1: Base on Balls
Batting: RHB Dani Reyes 0-0: Ball
1-0: Ball
2-0: Swinging Strike
2-1: Ball
3-1: Foul Ball, location: 2F
3-2: Strikes out swinging
Andrés Medina steals 2nd base
Batter strikes out.
Batting: RHB Allen Williams 0-0: Ball
1-0: Called Strike
1-1: Swinging Strike
1-2: Ball
2-2: Ground out 4-3 (Groundball, 4M)
Andrés Medina to third
Batting: RHB Geoff Rivers 0-0: Called Strike
0-1: Foul Ball, location: 2F
0-2: SINGLE (Flyball, 89S)
Andrés Medina scores
Batting: RHB Tasuku Goto 0-0: Ball
1-0: Swinging Strike
1-1: Foul Ball, location: 2F
1-2: Ball
Geoff Rivers is caught stealing 2nd base
Bottom of the 6th over - 1 run, 1 hit, 0 errors, 0 left on base; Tortolita 1 - Athletic Club KC 2
TOP OF THE 7TH
Tortolita Drummers batting - Pitching for Athletic Club KC Reserves : RHP Jeremy G. Wentworth
Pitching: LHP Sacco Brouwers
Batting: LHB Tung Ji 0-0: Called Strike
0-1: Ball
1-1: Ball
2-1: Foul Ball, location: 2F
2-2: Foul Ball, location: 2F
2-2: Foul Ball, location: 2F
2-2: Strikes out swinging
Batting: RHB Jim Burch 0-0: Called Strike
0-1: Foul Ball, location: 2F
0-2: Foul Ball, location: 2F
0-2: Strikes out swinging
Batting: LHB Steve Costillo 0-0: Called Strike
0-1: Foul Ball, location: 2F
0-2: Strikes out swinging
Top of the 7th over - 0 runs, 0 hits, 0 errors, 0 left on base; Tortolita 1 - Athletic Club KC 2
BOTTOM OF THE 7TH
Athletic Club KC Reserves batting - Pitching for Tortolita Drummers : RHP Robbie Betchley
Batting: RHB Tasuku Goto 0-0: Foul Ball, location: 2F
0-1: Ball
1-1: Ground out 6-3 (Groundball, 6)
Batting: RHB Tony Osorio 0-0: Ground out 2-3 (Groundball, 15S)
Batting: LHB Wu-shun Chu 0-0: Ground out 3-1 (Groundball, 34)
Bottom of the 7th over - 0 runs, 0 hits, 0 errors, 0 left on base; Tortolita 1 - Athletic Club KC 2
TOP OF THE 8TH
Tortolita Drummers batting - Pitching for Athletic Club KC Reserves : LHP Sacco Brouwers
Batting: RHB Sean Godron 0-0: Called Strike
0-1: Foul Ball, location: 2F
0-2: Fly out, F6 (Line Drive, 56)
Batting: RHB Santo Alba 0-0: Foul Ball, location: 2F
0-1: Foul Ball, location: 2F
0-2: SINGLE (Groundball, 6MD)
Pinch Hitting: RHB Lonnie Conrad 0-0: Called Strike
0-1: Swinging Strike
0-2: Fly out, F8 (Flyball, 8LM)
Batting: RHB Jesús Martínez 0-0: Foul Ball, location: 2F
0-1: Fly out, F9 (Flyball, 9LSF)
Top of the 8th over - 0 runs, 1 hit, 0 errors, 1 left on base; Tortolita 1 - Athletic Club KC 2
BOTTOM OF THE 8TH
Athletic Club KC Reserves batting - Pitching for Tortolita Drummers : RHP Robbie Betchley
Pitching: RHP Eduardo Bravo
Now in RF: Wei-quo Lam
Batting: SHB Eric Moore 0-0: Foul Ball, location: 2F
0-1: Called Strike
0-2: Strikes out looking
Batting: LHB Tsai Ng 0-0: Ball
1-0: Ball
2-0: Ball
3-0: Base on Balls
Batting: RHB Andrés Medina 0-0: Foul Ball, location: 2F
0-1: Ball
1-1: Called Strike
1-2: Strikes out swinging
Pinch Hitting: SHB Fernando Luna 0-0: Called Strike
Tsai Ng is caught stealing 2nd base
Bottom of the 8th over - 0 runs, 0 hits, 0 errors, 0 left on base; Tortolita 1 - Athletic Club KC 2
TOP OF THE 9TH
Tortolita Drummers batting - Pitching for Athletic Club KC Reserves : LHP Sacco Brouwers
Pitching: RHP Alfonso Álvarez
Now at 1B: Todd Blake
Batting: SHB Roberto Mosca 0-0: Foul Ball, location: 2F
0-1: SINGLE (Groundball, 13S) (infield hit)
Batting: RHB Ricardo Pacheco 0-0: Ball
1-0: Called Strike
1-1: Swinging Strike
1-2: Strikes out swinging
Batting: LHB Tung Ji 0-0: Swinging Strike
0-1: Swinging Strike
0-2: Fielders Choice at 2nd, 6-4 (Groundball, 6)
Batting: RHB Jim Burch 0-0: Foul Ball, location: 2F
0-1: Fly out, F4 (Line Drive, 4M)
Top of the 9th over - 0 runs, 1 hit, 0 errors, 1 left on base; Tortolita 1 - Athletic Club KC 2
Tuesday, December 19th, 2017 - OOTP Baseball 18.8 Build 76